Map: King Sejong Station LE

Players

Gracz

  • Race: Zerg Zerg
  • League: Silver

Marcin - Winner!

  • Race: Terran Terran
  • League: Gold

VOD

Have the link to the VOD?

Description

Time

  • Played on: Oct. 25, 2016, 1:53 p.m.
  • Length: 14:01
Show
View Real Time Build Order
Export as new Build Order

Gracz Zerg 

Build Orders: Hatch First 

Get SALT Encoding   

  12  0:01  Drone  
  13  0:11  Drone  
  14  0:19  Overlord  
  14  0:47  Drone  
  15  0:50  Unknown, Hatchery  
  14  0:59  Drone x3  
  17  1:16  Spawning Pool  
  17  1:17  Drone  
  17  1:59  Drone  
  17  2:01  Unknown, Drone  
  19  2:06  Zergling x2  
  19  2:07  Queen  
  22  2:11  Spine Crawler  
  22  2:15  Spine Crawler  
  20  2:21  Zergling x2  
  21  2:25  Zergling x2  
  21  2:26  Spine Crawler, Zergling x4  
  21  2:28  Zergling x2  
  24  2:37  Zergling x2  
  25  2:52  Extractor  
  25  2:54  Queen, Extractor  
  25  2:55  Drone x2  
  25  2:56  Roach Warren  
  26  3:00  Zergling x2  
  26  3:01  Zergling x2  
  28  3:14  Overlord x2  
  24  4:06  Drone x2  
  24  4:07  Drone  
  27  4:34  Queen  
  29  4:47  Roach  
  29  4:48  Roach x2  
  32  5:14  Roach  
  34  5:15  Overlord  
  34  5:16  Overlord  
  30  6:03  Roach  
  36  6:04  Roach x3  
  38  6:18  Drone  
  38  6:19  Drone x2  
  41  6:43  Lair  
  41  6:46  Drone  
  42  6:49  Roach x2  
  46  7:06  Spore Crawler  
  40  7:23  Spine Crawler  
  25  7:48  Overseer  
  25  7:55  Spine Crawler  
  24  8:17  Queen  
  24  8:18  Roach x3  
  32  8:55  Queen  
  32  9:07  Roach  
  32  9:08  Roach x2  
  32  9:09  Unknown, Hatchery  
  37  9:18  Spire  
  37  9:19  Unknown, Hatchery  
  35  9:48  Infestation Pit  
  34  9:52  Pneumatized Carapace  
  34  10:21  Unknown  
  34  10:31  Hive, Unknown  
  34  10:34  Drone x5  
  39  11:00  Extractor  
  38  11:07  Corruptor x3  
  42  11:27  Corruptor  
  42  11:28  Corruptor x6  
  52  11:49  Spine Crawler  
  52  11:50  Spine Crawler  
  50  12:00  Drone  
  42  12:09  Overlord x2  
  42  12:10  Overlord  
  42  12:11  Overlord  
  35  12:51  Overlord  
  21  13:38  Drone  
Show
View Real Time Build Order
Export as new Build Order

Marcin Terran - Winner!

Build Orders:  

Get SALT Encoding   

  12  0:00  SCV  
  13  0:14  SCV  
  14  0:18  Supply Depot  
  15  0:28  SCV  
  15  0:43  Barracks  
  15  0:44  SCV  
  16  0:57  Supply Depot  
  16  0:58  SCV  
  17  1:10  SCV  
  18  1:22  SCV  
  19  1:32  Marine, Refinery  
  20  1:48  Unknown, Command Center  
  20  1:50  Marine  
  21  2:12  Barracks  
  21  2:15  Bunker  
  21  2:18  Marine  
  21  2:22  Orbital Command  
  22  2:36  Marine  
  23  2:50  Supply Depot  
  23  2:55  Refinery  
  23  2:59  Unknown  
  23  3:05  Marine  
  24  3:14  Barracks Reactor  
  24  3:15  Bunker  
  24  3:23  Marine  
  23  3:41  Marine  
  21  3:57  Marine x2  
  21  3:59  Marine  
  24  4:09  Engineering Bay, SCV  
  25  4:15  Marine x2  
  25  4:16  Marine  
  28  4:19  Factory  
  28  4:21  SCV  
  29  4:34  Marine  
  27  4:52  Marine  
  28  4:53  Marine x2  
  29  5:01  Planetary Fortress  
  29  5:04  Factory Tech Lab  
  29  5:05  Supply Depot  
  24  5:10  Marine  
  24  5:11  Marine x2  
  26  5:26  Siege Tank  
  30  5:29  Marine x2  
  32  5:38  SCV  
  31  5:46  Marine  
  31  5:47  Marine  
  32  5:50  SCV  
  32  5:58  Widow Mine  
  32  6:02  SCV  
  33  6:04  Marine x2  
  33  6:16  SCV  
  34  6:22  Marine x2  
  35  6:27  Siege Tank  
  35  6:28  SCV  
  38  6:36  Supply Depot  
  38  6:40  Marine x2, SCV  
  38  6:42  Barracks  
  38  6:46  Barracks  
  41  6:58  Marine x2  
  41  6:59  Supply Depot, Siege Tank  
  46  7:16  Marine  
  48  7:26  Marine  
  48  7:27  SCV  
  48  7:28  Bunker  
  46  7:39  Barracks Tech Lab, SCV  
  46  7:49  Marine  
  44  7:57  Barracks Reactor  
  44  8:02  Marine  
  44  8:04  Stimpack  
  45  8:20  Marine  
  46  8:37  Bunker, Marine  
  47  8:55  Marine  
  45  9:02  Starport  
  46  9:03  Marine x2  
  48  9:10  Refinery  
  48  9:11  SCV  
  48  9:12  Refinery  
  48  9:13  Marine  
  50  9:20  Widow Mine  
  50  9:21  Marine x2  
  50  9:23  SCV  
  55  9:25  Terran Infantry Weapons Level 1  
  55  9:29  Supply Depot  
  55  9:31  Marine  
  55  9:35  SCV  
  57  9:39  Marine  
  57  9:41  Barracks  
  57  9:44  Marine  
  59  9:48  SCV  
  59  9:49  Marauder  
  59  9:50  Widow Mine  
  59  9:52  Supply Depot  
  64  9:57  Marine  
  65  10:00  SCV  
  65  10:02  Marine  
  65  10:05  Concussive Shells, Starport Tech Lab  
  67  10:11  Marauder  
  67  10:12  SCV  
  70  10:14  Marine  
  70  10:18  Supply Depot  
  70  10:20  Marine  
  72  10:25  Banshee  
  75  10:30  Cloaking Field  
  75  10:31  Marine  
  75  10:32  Marine  
  77  10:38  Marine  
  77  10:40  Supply Depot  
  78  10:44  Barracks Reactor  
  78  10:47  SCV  
  78  10:49  Marine  
  80  10:50  Marine  
  80  10:51  Combat Shields  
  80  10:55  Marine  
  82  11:00  SCV  
  83  11:08  Banshee, Marauder  
  88  11:29  Marauder  
  89  11:51  Banshee  
  92  11:57  Marine x2  
  94  12:07  Marine x2  
  94  12:14  Marine  
  94  12:16  Marine  
  94  12:18  Marine  
  94  12:34  Supply Depot x2  
  94  12:55  Marine x5, Banshee  
  94  12:56  Supply Depot  
  102  12:59  Supply Depot  
  99  13:13  Marine  
  99  13:15  Marine x2  
  99  13:16  Marine x2  
  101  13:31  Marine  
  101  13:33  Marine x3  
  101  13:34  Marine  
  103  13:42  Missile Turret  
  103  13:44  Missile Turret  
  103  13:45  Missile Turret  
  103  13:46  Missile Turret  
Tags
 
Add a new tag
Caveats
  • Supply blocks, unpowered buildings, or Contaminate may cause inaccurate times.
  • Supply counts are checked every 10 seconds.